 Dungeon Crawl Stone Soup version 0.27-a0-242-ge0fc76b88b (webtiles) character file.

Game seed: 12485179465841828047

266 knot the Chopper (level 6, 46/47 HPs)
             Began as a Demonspawn Berserker on Feb 3, 2021.
             Was a Believer of Trog.
             Quit the game on level 3 of the Dungeon.
             The game lasted 00:03:08 (2686 turns).

knot the Chopper (Demonspawn Berserker)             Turns: 2686, Time: 00:03:08

Health: 46/47      AC:  5    Str: 18    XL:     6   Next: 0%
Magic:  6/6        EV: 11    Int: 10    God:    Trog [**....]
Gold:   235        SH:  0    Dex: 12    Spells: 5/5 levels left

rFire    . . .     SeeInvis .   a - +0 hand axe
rCold    . . .     Faith    .   (no shield)
rNeg     . . .     Spirit   .   l - +0 ring mail
rPois    .         Reflect  .   (helmet restricted)
rElec    .         Harm     .   (no cloak)
rCorr    .         Rampage  .   (no gloves)
Will     .....                  (no boots)
Stlth    +.........             i - amulet of regeneration
HPRegen  0.55/turn              (no ring)
MPRegen  0.20/turn              (no ring)

@: no status effects
A: horns 2, foul stench 1, magic regeneration
a: Renounce Religion, Berserk, Trog's Hand


You were on level 3 of the Dungeon.
You worshipped Trog.
Trog was pleased with you.
You visited 1 branch of the dungeon, and saw 4 of its levels.

You collected 235 gold pieces.

Inventory:

Hand Weapons
 a - a +0 hand axe (weapon)
Missiles
 d - 95 stones
 k - 21 sling bullets
 p - 3 boomerangs (quivered)
 q - 4 silver boomerangs
Armour
 l - a +0 ring mail (worn)
Jewellery
 i - an amulet of regeneration (around neck)
Scrolls
 c - 3 scrolls of remove curse {unknown}
 f - 3 scrolls of identify {unknown}
 g - a scroll of blinking {unknown}
 o - 3 scrolls of teleportation {unknown}
Potions
 b - 2 potions of degeneration {unknown}
 e - a potion of ambrosia {unknown}
 h - 3 potions of curing {unknown}
 j - a potion of resistance {unknown}
 m - 2 potions of lignification {unknown}
 n - a potion of berserk rage {unknown}
 r - a potion of cancellation {unknown}


   Skills:
 - Level 3.0 Fighting
 + Level 6.1 Axes
 - Level 1.7 Armour
 - Level 1.7 Dodging


You had 5 spell levels left.
You didn't know any spells.
Your spell library was empty.

Dungeon Overview and Level Annotations

Branches:
Dungeon (4/15)
 Temple: D:4-7

Altars:


Innate Abilities, Weirdness & Mutations

You have a pair of horns on your head.
You may rarely emit foul miasma when damaged in melee.
You regenerate magic rapidly.


Message History

You kill the adder!
Trog accepts your kill.
You miss the adder. The adder bites you but does no damage.
The adder bites you.
You closely miss the adder. Your headbutt misses the adder.
The adder is severely wounded.
You hit the hobgoblin but do no damage. The hobgoblin barely misses you.
The adder closely misses you. x2
You hit the adder.
You kill the adder!
Trog accepts your kill.
You miss the adder. You hit the hobgoblin but do no damage.
The bat closely misses you. The hobgoblin closely misses you.
The adder barely misses you.
You have reached level 6!
Your experience leads to an increase in your attributes!
Increase (S)trength, (I)ntelligence, or (D)exterity?
You feel clever.
Your demonic ancestry asserts itself...
You begin to emit a foul stench of rot and decay.
Are you sure you want to abandon this character and quit the game? (Confirm with "yes".)

#.####............>.#
#...........#.###.#..
#..#####...##.# #.###
#... ##.###.###.#
##.#.#####.........#
#..............#####
..###...##.#####
#)#.##.# #@.....#
#.....†gS.#..#
...##b##.....# #..
#.###... ... ..[
#.#.# #.#. .## ..
...# .. #. ..


You could see an adder, a hobgoblin and a bat.

Vanquished Creatures
  A scorpion (D:4)
  2 orc wizards (D:3)
  10 adders
  4 worms
  3 dart slugs
  2 leopard geckos (D:3)
  7 orcs (D:3)
  3 giant cockroaches
  5 hobgoblins
  5 kobolds
  A quokka (D:3)
  4 bats
  2 frilled lizards
  A goblin (D:3)
  5 rats
55 creatures vanquished.

Vanquished Creatures (others)
  An orc wizard (D:3)
1 creature vanquished.

Grand Total: 56 creatures vanquished

Notes
Turn   | Place    | Note
-------+----------+-------------------------------------------
     0 | D:1      | knot the Demonspawn Berserker began the quest for the Orb.
     0 | D:1      | Reached XP level 1. HP: 18/18 MP: 1/1
    83 | D:1      | Reached skill level 3 in Axes
   349 | D:1      | Gained mutation: You have a pair of small horns on your
                  | head. [demonic ancestry]
   349 | D:1      | Reached XP level 2. HP: 24/24 MP: 2/2
   942 | D:2      | Gained mutation: You regenerate magic rapidly. [demonic
                  | ancestry]
   942 | D:2      | Reached XP level 3. HP: 24/29 MP: 3/3
  1026 | D:2      | Reached skill level 4 in Axes
  1350 | D:2      | Reached ** piety under Trog
  1365 | D:2      | You fall into a shaft and drop 2 floors!
  1410 | D:4      | Noticed a scorpion
  1426 | D:4      | Killed a scorpion
  1427 | D:4      | Reached XP level 4. HP: 35/35 MP: 4/4
  1503 | D:4      | Reached skill level 5 in Axes
  2198 | D:3      | Gained mutation: You have a pair of horns on your head.
                  | [demonic ancestry]
  2198 | D:3      | Reached XP level 5. HP: 41/41 MP: 5/5
  2633 | D:3      | Reached skill level 6 in Axes
  2686 | D:3      | Gained mutation: You may rarely emit foul miasma when
                  | damaged in melee. [demonic ancestry]
  2686 | D:3      | Reached XP level 6. HP: 46/47 MP: 6/6
  2686 | D:3      | Quit the game

Illustrated notes

Levels and vault maps discovered:
D:1:      giann_horns, layout_basic
D:2:      layout_basic, roderic_st_hans_cross, st_stairs_4
D:3:      minmay_diamond_boxcup, layout_loops_ring, minmay_fractal_squares_5,
          uniq_natasha
D:4:      layout_basic, uniq_crazy_yiuf_cottage

Skill      XL: |  1  2  3  4  5 |
---------------+----------------+-----
Axes           | 3 4 5 6 |  6.1
Fighting       | |  3.0
Armour         | |  1.7
Dodging        | |  1.7

Action                   |  1- 3 |  4- 6 || total
-------------------------+-------+-------++-------
Melee: Hand axe          |    81 |   113 ||   194
       Headbutt          |     6 |    18 ||    24
Throw: Boomerang         |     4 |       ||     4
Invok: Berserk           |     3 |     2 ||     5
       Trog's Hand       |       |     1 ||     1
 Stab: Sleeping          |     1 |       ||     1
Armor: Animal skin       |    14 |       ||    14
       Ring mail         |    19 |    37 ||    56
Dodge: Dodged            |    49 |    62 ||   111

Table legend: (Time is in decaauts)
 A = Elapsed time spent in this place.
 B = Non-inter-level travel time spent in this place.
 C = Inter-level travel time spent in this place.
 D = Time resting spent in this place.
 E = Time spent auto-exploring this place.
 F = Levels seen in this place.
 G = Mean time per level.
                   A        B        C        D        E       F      G
               +--------+--------+--------+--------+--------+-----+--------+
         Total |   2736 |   2625 |    111 |    726 |   1464 |   4 |  684.0 |
       Dungeon |   2736 |   2625 |    111 |    726 |   1464 |   4 |  684.0 |
               +--------+--------+--------+--------+--------+-----+--------+

Top non-repeatable levels by time:
     D:3: 907 daAuts
     D:1: 889 daAuts
     D:2: 497 daAuts
     D:4: 442 daAuts
